 Dungeon Crawl Stone Soup version 0.31-a0-1308-ga3cce3a448 (webtiles) character file.

Game seed: 17131595273589628703

13528 jlumianski the Grappler (level 12, -4/91 HPs)
             Began as a Gnoll Shapeshifter on Dec 19, 2023.
             Was a Believer of Wu Jian.
             Slain by a tyrant leech (21 damage)
             ... on level 2 of the Lair of Beasts.
             The game lasted 00:56:29 (11498 turns).

jlumianski the Grappler (Gnoll Shapeshifter)       Turns: 11498, Time: 00:56:29

Health: -4/91      AC:  6    Str: 19    XL:     12   Next: 7%
Magic:  0/22       EV: 19    Int: 18    God:    Wu Jian [**....]
Gold:   607        SH:  0    Dex: 12    Spells: 14/25 levels left

rFire   + .          .
                       - Unarmed
rCold   . . .        (shield currently unavailable)
rNeg    . . .        o - melded +0 ring mail
rPois   .            v - +3 helmet of Absolutism {rF+ rC- Str+3 Stlth+}
rElec   .            B - +0 cloak
rCorr   .            k - +0 pair of gloves
SInv    .            (no boots)
Will    +....        J - amulet of guardian spirit
Stlth   ++           h - ring of protection from cold
HPRegen 1.15/turn    y - +6 ring of intelligence
MPRegen 0.18/turn

%: guardian spirit
@: flux-form, glowing
A: glow, contaminating, fangs 1, strong nose, distributed training,
strong-willed 1, regeneration 1, wild magic 1
a: Begin Untransformation, Renounce Religion, Wall Jump


You were on level 2 of the Lair of Beasts.
You worshipped Wu Jian.
Wu Jian was pleased with you.
You were something dangerously unstable.
You visited 3 branches of the dungeon, and saw 14 of its levels.

You collected 649 gold pieces.
You spent 42 gold pieces at shops.

Inventory:

Hand Weapons
 t - a +2 dagger of venom
 A - a +3 quarterstaff of chaos
 K - a +2 vampiric hand axe
 S - a +5 scimitar
Missiles
 E - 6 boomerangs
 H - 8 poisoned darts
 O - 2 datura-tipped darts
Armour
 a - a +0 animal skin
 i - a +0 helmet
 k - a +0 pair of gloves (worn)
 m - a +1 hat
 o - a +0 ring mail (melded)
 v - the +3 helmet of Absolutism (worn) {rF+ rC- Str+3 Stlth+}
   (You found it on level 3 of the Dungeon)

   Str+3:     It affects your strength (+3).
   rF+:       It protects you from fire.
   rC-:       It makes you vulnerable to cold.
   Stlth+:    It makes you more stealthy.
 B - a +0 cloak (worn)
 Q - the +5 chain mail of the Vaults {Harm rF+ rCorr}
   (You found it on level 8 of the Dungeon)

   rF+:       It protects you from fire.
   rCorr:     It protects you from acid and corrosion.
   Harm:      It increases damage dealt and taken.
Magical Staves
 u - a staff of cold
Jewellery
 h - a ring of protection from cold (left hand)
 x - an amulet of magic regeneration
 y - a +6 ring of intelligence (right hand)
 J - an amulet of guardian spirit (around neck)
Talismans
 c - a beast talisman
 d - a flux talisman (active)
 D - a blade talisman
Wands
 I - a wand of digging (2)
 N - a wand of flame (31)
 R - a wand of polymorph (5)
 V - a wand of iceblast (4)
Scrolls
 f - 2 scrolls of fear
 g - 2 scrolls of teleportation
 j - 2 scrolls of poison
 l - 3 scrolls of noise
 n - a scroll of torment
 z - a scroll of blinking
 C - 2 scrolls of summoning
 F - a scroll of immolation {unknown}
 L - a scroll of enchant weapon {unknown}
 T - 2 scrolls of vulnerability {unknown}
 W - a scroll of revelation {unknown}
Potions
 b - a potion of lignification
 e - a potion of attraction
 p - 2 potions of degeneration
 q - 2 potions of brilliance
 s - 5 potions of curing
 w - a potion of berserk rage
 G - a potion of cancellation {unknown}
 M - a potion of enlightenment
 P - 3 potions of mutation
 U - a potion of might {unknown}


   Skills:
 + Level 7.5 Fighting
 + Level 7.0 Short Blades
 + Level 7.0 Long Blades
 + Level 7.0 Axes
 + Level 7.0 Maces & Flails
 + Level 7.0 Polearms
 + Level 7.0 Staves
 + Level 7.0 Ranged Weapons
 + Level 7.0 Throwing
 + Level 7.0 Armour
 + Level 8.5 Dodging
 + Level 7.0 Stealth
 + Level 7.0 Shields
 + Level 9.7 Unarmed Combat
 + Level 7.0 Spellcasting
 + Level 5.8 Conjurations
 + Level 5.8 Hexes
 + Level 5.8 Summonings
 + Level 5.8 Necromancy
 + Level 5.8 Translocations
 + Level 5.8 Transmutations
 + Level 5.8 Fire Magic
 + Level 5.8 Ice Magic
 + Level 5.8 Air Magic
 + Level 5.8 Earth Magic
 + Level 5.8 Poison Magic
 + Level 7.7 Invocations
 + Level 7.0 Evocations
 + Level 9.2 Shapeshifting


You had 14 spell levels left.
You knew the following spells:

 Your Spells              Type           Power      Damage    Failure   Level
a - Freeze                Ice            100%       1d10      2%          1
b - Scorch                Fire           70%        2d7       3%          2
c - Jinxbite              Hex            70%        N/A       3%          2
d - Frozen Ramparts       Ice            70%        1d11      5%          3
e - Confusing Touch       Hex            35%        N/A       5%          3

Your spell library contained the following spells:

 Spells                   Type           Power      Damage    Failure   Level
 Kiss of Death            Conj/Necr      100%       2d13      2%          1
 Shock                    Conj/Air       100%       1d9       2%          1
 Ensorcelled Hibernation  Hex/Ice        70%        N/A       3%          2
 Hailstorm                Conj/Ice       35%        3d8       5%          3
 Swiftness                Air            35%        N/A       5%          3
 Airstrike                Air            17%        2d(3-19)  14%         4
 Anguish                  Hex/Necr       17%        N/A       14%         4
 Dispel Undead            Necr           35%        3d15      14%         4
 Flame Wave               Conj/Fire      35%        2d10      14%         4
 Leda's Liquefaction      Tmut/Erth      17%        N/A       14%         4
 Petrify                  Tmut/Erth      35%        N/A       14%         4
 Metabolic Englaciation   Hex/Ice        17%        N/A       34%         5
 Summon Cactus Giant      Summ           17%        N/A       88%         6


Dungeon Overview and Level Annotations

Branches:
Dungeon (10/15)            Temple (1/1) D:4            Lair (3/5) D:9
  Swamp: Lair:2-3    Shoals: Lair:2-3     Snake: Lair:2-3    Spider: Lair:2-3
    Orc: D:9-12

Altars:
Ashenzari
Dithmenos
Elyvilon
Fedhas
Gozag
Hepliaklqana
Kikubaaqudgha
Makhleb
Nemelex Xobeh
Okawaru
Qazlal
Ru
Sif Muna
Trog
Uskayaw
Vehumet
Wu Jian
Xom
Yredelemnul
Zin
The Shining One

Shops:
D:3 *?=   D:6 [


Innate Abilities, Weirdness & Mutations

You are something dangerously unstable.
You glow with magical radiation, making you easy to see and hit.
Foes you strike become dangerously contaminated with magical radiation.
You are incapable of wielding weapons or throwing items.
You have very sharp teeth.
Your uncanny sense of smell can sniff out nearby items.
Your experience applies equally to all skills.
You are strong-willed. (Will+)
Your natural rate of healing is unusually fast.
Your spells are a little harder to cast, but a little more powerful.


Message History

The tyrant leech is almost dead.
You barely miss the tyrant leech.
The tyrant leech is almost dead.
The tyrant leech closely misses you.
You closely miss the tyrant leech. Your bite misses the tyrant leech.
The tyrant leech is almost dead.
You hit the tyrant leech.
You kill the tyrant leech!
The Council accepts your kill.
N - a wand of flame (31) (gained 14 charges)
You start resting.
HP restored.
Magic restored.
A tyrant leech and 2 swamp worms come into view.
The swamp worm fires a harpoon shot at you.
The harpoon shot hits you!!
You are yanked forward by the harpoon shot.
You violently stop moving!
The swamp worm fires a harpoon shot at you.
The harpoon shot misses you.
The swamp worm fires a harpoon shot at you.
The harpoon shot misses you.
The swamp worm fires a harpoon shot at you.
The harpoon shot hits you!!
You are yanked forward by the harpoon shot.
The swamp worm bites you!
The swamp worm fires a harpoon shot at you.
The harpoon shot hits you!
You are yanked forward by the harpoon shot.
The swamp worm fires a harpoon shot at you.
The harpoon shot hits you!
* * * LOW HITPOINT WARNING * * *
You are yanked forward by the harpoon shot.
The swamp worm bites you!
* * * LOW HITPOINT WARNING * * *
You feel much better. The swamp worm closely misses you.
The swamp worm bites you!!
* * * LOW HITPOINT WARNING * * *
The tyrant leech bites you!!
You die...

♣♣♣♣♣ ♣♣♣♣♣
♣♣♣§w.♣♣♣♣♣≈≈≈♣
####
♣.~~wp§§§♣≈.≈≈♣
##.P####
♣§§§~w♣§§§♣...~♣
##...P.#♣
♣.§§§~♣♣♣.♣~..~♣###
........#♣.§♣§§≈
♣...~~~♣..#
.........♣. ♣≈≈≈
♣....~~♣..#
.##.##..#♣ ..≈.
♣♣..~~....#
.##.##.## ..§§§
♣♣.♣~....##
.#..##.# ♣..♣§§
♣♣♣♣♣.♣...#
##...#.###
♣.♣.♣♣♣..##


You could see a tyrant leech and 2 swamp worms.

Vanquished Creatures
  An oklob plant (Lair:3)
  An ugly thing (D:8)
  2 black mambas
  2 cane toads
  4 komodo dragons
  3 polar bears
  2 trolls
  Grinder (D:6)
  7 blink frogs
  A tyrant leech (Lair:2)
  Prince Ribbit (Lair:1)
  19 yaks
  A wyvern (D:9)
  A swamp worm (Lair:2)
  10 water moccasins
  2 orc warriors
  3 black bears
  An ice beast (D:8)
  A sky beast (D:7)
  7 wolves
  2 ogres
  A centaur (D:6)
  A phantom (D:5)
  6 bullfrogs
  A wyvern zombie (D:3)
  2 scorpions
  A wight (D:9)
  11 killer bees
  The ghost of IdlyInterested the Trooper, a weakling DsFi (D:2)
  2 howler monkeys (D:8)
  An electric eel (D:9)
  A bullfrog zombie (D:3)
  10 hounds
  A sleepcap (D:4)
  2 jellies
  2 orc priests
  Crazy Yiuf (D:2)
  2 iguanas
  3 orc wizards
  Robin (D:2)
  6 adders
  2 shadow imps
  2 white imps
  2 worms
  3 dart slugs
  24 orcs
  4 ball pythons (D:1)
  7 bats
  5 endoplasms
  A giant cockroach (D:2)
  15 goblins
  5 hobgoblins
  5 jackals (D:1)
  10 kobolds
  3 quokkas
  2 frilled lizards (D:2)
  5 rats
223 creatures vanquished.

Notes
Turn   | Place    | Note
-------+----------+-------------------------------------------
     0 | D:1      | jlumianski the Gnoll Shapeshifter began the quest for the
                  | Orb.
     0 | D:1      | Reached XP level 1. HP: 17/17 MP: 1/1
    92 | D:1      | You fall into a shaft and drop 1 floor!
   263 | D:2      | Reached XP level 2. HP: 23/23 MP: 2/2
   318 | D:2      | Reached XP level 3. HP: 10/28 MP: 3/3
   329 | D:2      | Noticed Robin
   351 | D:2      | Killed Robin
   352 | D:2      | Reached skill level 1 in Invocations
   491 | D:2      | Reached skill level 1 in Short Blades
   491 | D:2      | Reached skill level 1 in Long Blades
   491 | D:2      | Reached skill level 1 in Axes
   491 | D:2      | Reached skill level 1 in Maces & Flails
   491 | D:2      | Reached skill level 1 in Polearms
   491 | D:2      | Reached skill level 1 in Staves
   491 | D:2      | Reached skill level 1 in Ranged Weapons
   491 | D:2      | Reached skill level 1 in Throwing
   491 | D:2      | Reached skill level 1 in Armour
   491 | D:2      | Reached skill level 1 in Stealth
   491 | D:2      | Reached skill level 1 in Shields
   491 | D:2      | Reached skill level 1 in Spellcasting
   491 | D:2      | Reached skill level 1 in Evocations
   626 | D:1      | Reached XP level 4. HP: 27/34 MP: 5/5
  1263 | D:3      | Found Ciwu's Magic Scroll Emporium.
  1366 | D:2      | Reached skill level 1 in Conjurations
  1366 | D:2      | Reached skill level 1 in Hexes
  1366 | D:2      | Reached skill level 1 in Summonings
  1366 | D:2      | Reached skill level 1 in Necromancy
  1366 | D:2      | Reached skill level 1 in Translocations
  1366 | D:2      | Reached skill level 1 in Transmutations
  1366 | D:2      | Reached skill level 1 in Fire Magic
  1366 | D:2      | Reached skill level 1 in Ice Magic
  1366 | D:2      | Reached skill level 1 in Air Magic
  1366 | D:2      | Reached skill level 1 in Earth Magic
  1366 | D:2      | Reached skill level 1 in Poison Magic
  1384 | D:3      | Identified the +3 helmet of Absolutism {rF+ rC- Str+3
                  | Stlth+}
  1444 | D:3      | Found Honniroe's General Store.
  1470 | D:3      | Bought a potion of curing for 42 gold pieces
  1696 | D:2      | Found a runed translucent door.
  1697 | D:2      | Noticed Crazy Yiuf
  2422 | D:2      | Killed Crazy Yiuf
  2423 | D:2      | Reached XP level 5. HP: 16/40 MP: 5/7
  2709 | D:3      | Found a runed translucent gate.
  2709 | D:3      | Found a runed translucent gate.
  2709 | D:3      | Found a runed translucent gate.
  2710 | D:3      | Noticed IdlyInterested's ghost (weakling DsFi)
  2743 | D:3      | Found Doshriud's Jewellery Boutique.
  2883 | D:3      | Found a hazy altar of Hepliaklqana.
  2978 | D:2      | Killed IdlyInterested's ghost
  3013 | D:3      | Reached XP level 6. HP: 31/47 MP: 8/8
  3020 | D:3      | Reached skill level 5 in Dodging
  3082 | D:3      | Learned a level 1 spell: Freeze
  3159 | D:5      | Entered Level 5 of the Dungeon
  3399 | D:4      | Reached XP level 7. HP: 51/52 MP: 10/10
  3487 | D:5      | Found an iron altar of Okawaru.
  3576 | D:4      | Found a blossoming altar of Fedhas.
  3804 | D:4      | Learned a level 2 spell: Scorch
  3896 | D:4      | Found a staircase to the Ecumenical Temple.
  3904 | Temple   | Entered the Ecumenical Temple
  3910 | Temple   | Became a worshipper of the Wu Jian Council
  4030 | D:5      | Reached XP level 8. HP: 60/60 MP: 12/12
  4290 | D:6      | Found Lifevuna's Antique Armour Shoppe.
  4455 | D:6      | Noticed Grinder
  4475 | D:6      | Killed Grinder
  4510 | D:6      | Learned a level 2 spell: Jinxbite
  4860 | D:5      | Found a sacrificial altar of Ru.
  4860 | D:5      | Found a radiant altar of Vehumet.
  5483 | D:7      | Reached XP level 9. HP: 23/66 MP: 6/14
  5487 | D:7      | Learned a level 3 spell: Frozen Ramparts
  6087 | D:8      | Reached * piety under Wu Jian
  6088 | D:8      | Reached skill level 5 in Fighting
  6841 | D:8      | Noticed a cyan ugly thing
  6853 | D:8      | HP: 1/68 [cyan ugly thing (12)]
  7213 | D:8      | Identified the +5 chain mail of the Vaults {Harm rF+ rCorr}
  7468 | D:7      | Learned a level 3 spell: Confusing Touch
  7480 | D:8      | Killed a white ugly thing
  7481 | D:8      | Reached skill level 5 in Invocations
  7799 | D:9      | Noticed a troll
  7813 | D:9      | Killed a troll
  8275 | D:10     | Entered Level 10 of the Dungeon
  8283 | D:9      | Noticed a troll
  8313 | D:10     | Killed a troll
  8314 | D:10     | Reached XP level 10. HP: 21/75 MP: 4/17
  8568 | D:9      | Found a hide-covered altar of Uskayaw.
  8569 | D:9      | Noticed a +0 hand axe
  8569 | D:9      | Noticed a +0 hand axe
  8587 | D:9      | Reached skill level 5 in Short Blades
  8587 | D:9      | Reached skill level 5 in Long Blades
  8587 | D:9      | Reached skill level 5 in Axes
  8587 | D:9      | Reached skill level 5 in Maces & Flails
  8587 | D:9      | Reached skill level 5 in Polearms
  8587 | D:9      | Reached skill level 5 in Staves
  8587 | D:9      | Reached skill level 5 in Ranged Weapons
  8587 | D:9      | Reached skill level 5 in Throwing
  8587 | D:9      | Reached skill level 5 in Armour
  8587 | D:9      | Reached skill level 5 in Stealth
  8587 | D:9      | Reached skill level 5 in Shields
  8587 | D:9      | Reached skill level 5 in Spellcasting
  8587 | D:9      | Reached skill level 5 in Evocations
  8704 | D:9      | Found a shimmering altar of Xom.
  8922 | D:9      | Found a staircase to the Lair.
  9317 | Lair:1   | Entered Level 1 of the Lair of Beasts
  9712 | Lair:1   | Reached ** piety under Wu Jian
  9795 | Lair:1   | Reached XP level 11. HP: 61/83 MP: 5/19
 10012 | Lair:1   | Reached skill level 5 in Conjurations
 10012 | Lair:1   | Reached skill level 5 in Hexes
 10012 | Lair:1   | Reached skill level 5 in Summonings
 10012 | Lair:1   | Reached skill level 5 in Necromancy
 10012 | Lair:1   | Reached skill level 5 in Translocations
 10012 | Lair:1   | Reached skill level 5 in Transmutations
 10012 | Lair:1   | Reached skill level 5 in Fire Magic
 10012 | Lair:1   | Reached skill level 5 in Ice Magic
 10012 | Lair:1   | Reached skill level 5 in Air Magic
 10012 | Lair:1   | Reached skill level 5 in Earth Magic
 10012 | Lair:1   | Reached skill level 5 in Poison Magic
 10215 | Lair:1   | Gained mutation: You occasionally shout uncontrollably at
                  | your foes. [potion of mutation]
 10216 | Lair:1   | Lost mutation: You occasionally shout uncontrollably at
                  | your foes. [potion of mutation]
 10216 | Lair:1   | Gained mutation: Your natural rate of healing is unusually
                  | fast. [potion of mutation]
 10216 | Lair:1   | Gained mutation: You are strong-willed. (Will+) [potion of
                  | mutation]
 10216 | Lair:1   | Gained mutation: Your spells are a little harder to cast,
                  | but a little more powerful. [potion of mutation]
 10483 | Lair:2   | Noticed Prince Ribbit
 10494 | Lair:1   | Killed Prince Ribbit
 10589 | Lair:3   | Noticed an oklob plant
 10612 | Lair:3   | Killed an oklob plant
 11280 | Lair:2   | Reached XP level 12. HP: 86/91 MP: 15/22
 11498 | Lair:2   | Slain by a tyrant leech

Illustrated notes

Levels and vault maps discovered:
D:1:      grunt_arrival_lava_bath, layout_basic, minmay_crystal_water
D:2:      layout_basic, serial_forest, infiniplex_forest_zigzag_2,
          infiniplex_forest_clump_cross, infiniplex_forest_clump_diagonal,
          infiniplex_forest_clump_double, infiniplex_forest_zigzag_1,
          infiniplex_forest_straight_1, uniq_robin, uniq_crazy_yiuf_cottage
D:3:      layout_rooms, nicolae_hepliaklqana_hippocampus,
          gammafunk_ghost_necromancy, serial_shops, nicolae_shop_behind_doors,
          shop, shop_fountains
D:4:      layout_loops_ring, kennysheep_mini, minmay_temple_entry_mini_moons
D:5:      layout_loops_ring, lemuel_round_altar,
          gammafunk_temple_overflow_statue, kennysheep_donut
D:6:      layout_gridville, serial_glass, glass_columns_c, glass_columns_a,
          serial_shops, nicolae_shop_tiny_real_fake_doors, nrook_pool_corridor,
          uniq_maggie, uniq_grinder, uniq_sigmund
D:7:      layout_basic, small_statue_intersection, grunt_decor_clamped,
          grunt_decor_cap
D:8:      layout_basic
D:9:      layout_irregular_city, dancing_weapons_uskayaw, marbit_many_paths,
          erik_lair_island
D:10:     layout_basic, mainiacjoe_overflow_concentric_impassable,
          uniq_nergalle, uniq_gastronok, uniq_fannar
Temple:   eino_narrow_crystal_temple
Lair:1:   layout_misc_corridors
Lair:2:   layout_loops_ring, palyth_hydra_swamp_entry, serial_bayou_lake_a,
          uniq_prince_ribbit2
Lair:3:   layout_chaotic_city, hellmonk_spider_entry_not_the_bees,
          lemuel_fruit_fields, grunt_megastairs_4

Skill      XL: |  1  2  3  4  5  6  7  8  9 10 11 12 |
---------------+-------------------------------------+-----
Invocations    | 1 2 3 4 5 6 7 |  7.7
Short Blades   | 1 2 3 4 5 6 7 |  7.0
Long Blades    | 1 2 3 4 5 6 7 |  7.0
Axes           | 1 2 3 4 5 6 7 |  7.0
Maces & Flails | 1 2 3 4 5 6 7 |  7.0
Polearms       | 1 2 3 4 5 6 7 |  7.0
Staves         | 1 2 3 4 5 6 7 |  7.0
Ranged Weapons | 1 2 3 4 5 6 7 |  7.0
Throwing       | 1 2 3 4 5 6 7 |  7.0
Armour         | 1 2 3 4 5 6 7 |  7.0
Stealth        | 1 2 3 4 5 6 7 |  7.0
Shields        | 1 2 3 4 5 6 7 |  7.0
Spellcasting   | 1 2 3 4 5 6 7 |  7.0
Evocations     | 1 2 3 4 5 6 7 |  7.0
Conjurations   | 1 2 3 4 5 |  5.8
Hexes          | 1 2 3 4 5 |  5.8
Summonings     | 1 2 3 4 5 |  5.8
Necromancy     | 1 2 3 4 5 |  5.8
Translocations | 1 2 3 4 5 |  5.8
Transmutations | 1 2 3 4 5 |  5.8
Fire Magic     | 1 2 3 4 5 |  5.8
Ice Magic      | 1 2 3 4 5 |  5.8
Air Magic      | 1 2 3 4 5 |  5.8
Earth Magic    | 1 2 3 4 5 |  5.8
Poison Magic   | 1 2 3 4 5 |  5.8
Fighting       | 3 4 5 6 7 |  7.5
Dodging        | 5 6 7 8 |  8.5
Unarmed Combat | 7 8 9 |  9.7
Shapeshifting  | 7 8 9 |  9.2

Action                     |  1- 3 |  4- 6 |  7- 9 | 10-12 || total
---------------------------+-------+-------+-------+-------++-------
  Melee: Unarmed           |    59 |   148 |   232 |   389 ||   828
         Punch             |     3 |     2 |       |       ||     5
         Bite              |     2 |    17 |    33 |    64 ||   116
   Cast: Scorch            |       |       |    11 |     6 ||    17
         Jinxbite          |       |       |     4 |     2 ||     6
         Frozen Ramparts   |       |       |     7 |    12 ||    19
         Confusing Touch   |       |       |     2 |     6 ||     8
Ability: Lunge             |       |       |    11 |    17 ||    28
         Whirlwind         |       |       |     6 |    32 ||    38
         Wall Jump         |       |       |       |    38 ||    38
  Evoke: Wand              |       |       |     1 |     1 ||     2
    Use: Scroll            |     1 |     5 |     5 |     4 ||    15
         Potion            |       |     1 |       |     6 ||     7
   Stab: Sleeping          |       |       |     1 |       ||     1
         Confused          |       |       |     1 |     2 ||     3
 Armour: Animal skin       |    32 |     1 |       |       ||    33
         Ring mail         |       |    18 |       |       ||    18
         Skin              |       |    46 |   133 |   193 ||   372
  Dodge: Dodged            |    32 |   121 |   247 |   281 ||   681
   Form: Flux              |       |     1 |       |       ||     1

Table legend: (Time is in decaauts)
 A = Elapsed time spent in this place.
 B = Non-inter-level travel time spent in this place.
 C = Inter-level travel time spent in this place.
 D = Time resting spent in this place.
 E = Time spent auto-exploring this place.
 F = Levels seen in this place.
 G = Mean time per level.
                   A        B        C        D        E       F      G
               +--------+--------+--------+--------+--------+-----+--------+
         Total |  11478 |  11302 |    176 |   2143 |   5241 |  14 |  819.9 |
       Dungeon |   9269 |   9108 |    161 |   1619 |   4602 |  10 |  926.9 |
        Temple |     12 |     12 |      0 |      0 |      0 |   1 |   12.0 |
          Lair |   2196 |   2181 |     15 |    524 |    639 |   3 |  732.0 |
               +--------+--------+--------+--------+--------+-----+--------+

Top non-repeatable levels by time:
     D:2: 1739 daAuts
     D:8: 1471 daAuts
  Lair:1: 1362 daAuts
     D:7: 1156 daAuts
     D:9: 1101 daAuts
     D:4: 904 daAuts
     D:5: 889 daAuts
     D:1: 738 daAuts
  Lair:2: 631 daAuts
     D:3: 591 daAuts
     D:6: 482 daAuts
  Lair:3: 202 daAuts
    D:10: 193 daAuts
  Temple: 12 daAuts
